 Dungeon Crawl Stone Soup version 0.20.0-7-g3b7b877 (webtiles) character file.

34 Chiseanne the Magician (level 3, 0/24 HPs)
             Began as a Demonspawn Wizard on May 29, 2017.
             Slain by a goblin
             ... wielding a +0 short sword
              (4 damage)
             ... on level 1 of the Dungeon.
             The game lasted 00:01:53 (1375 turns).

Chiseanne the Magician (Demonspawn Wizard)          Turns: 1375, Time: 00:01:53

Health: 0/24       AC:  2    Str:  7    XL:     3   Next: 14%
Magic:  1/8        EV: 12    Int: 20    God:
Gold:   77         SH:  0    Dex: 11    Spells: 8/9 levels left

rFire    . . .     SeeInvis .   o - +0 short sword (flame)
rCold    + . .     Gourm    .   (no shield)
rNeg     . . .     Faith    .   a - +0 robe
rPois    .         Spirit   .   b - +0 hat
rElec    .         Reflect  .   (no cloak)
rCorr    .         Harm     .   (no gloves)
MR       .....                  (no boots)
Stlth    ++........             (no amulet)
Regen    0.1/turn               (no ring)
MPRegen  0.2/turn               (no ring)

@: very slightly contaminated
A: cold resistance 1, freezing cloud immunity
a: no special abilities


You were on level 1 of the Dungeon.
You were not hungry.

You visited 1 branch of the dungeon, and saw 1 of its levels.

You collected 77 gold pieces.

Inventory:

Hand Weapons
 o - a +0 short sword of flaming (weapon)
Missiles
 l - 9 stones (quivered)
Armour
 a - a +0 robe (worn)
 b - a +0 hat (worn)
Scrolls
 e - 3 scrolls of identify {unknown}
 h - a scroll of enchant armour {unknown}
 m - a scroll of immolation {unknown}
Potions
 g - a potion of mutation {unknown}
 i - a potion of curing {unknown}
Books
 c - a book of Minor Magic

   Spells                             Type                      Level
   a - Magic Dart                     Conjuration                  1
   b - Blink                          Translocation                2
   c - Call Imp                       Summoning                    2
   d - Slow                           Hexes                        2
   e - Conjure Flame                  Conjuration/Fire             3
   f - Mephitic Cloud                 Conjuration/Poison/Air       3
Comestibles
 d - a bread ration
 f - 3 chunks of flesh
 j - a royal jelly
 k - a meat ration


   Skills:
 - Level 1.7 Dodging
 - Level 1.7 Stealth
 * Level 3.5 Spellcasting
 * Level 2.2 Conjurations
   Level 1.0 Summonings
   Level 0.8 Translocations


You had 8 spell levels left.
You knew the following spells:

 Your Spells              Type           Power        Failure   Level  Hunger
a - Magic Dart            Conj           ##..         5%          1    None


Dungeon Overview and Level Annotations

Branches:
Dungeon (1/15)

Altars:


Innate Abilities, Weirdness & Mutations

Your flesh is cold resistant. (rC+)
You are immune to freezing clouds.


Message History

You barely miss the goblin. The goblin closely misses you.
You barely miss the goblin. The goblin misses you.
You barely miss the goblin. The goblin hits you with a short sword!
You hit the goblin but do no damage. The goblin hits you but does no damage.
You barely miss the goblin. The goblin completely misses you.
You barely miss the goblin. The goblin hits you with a short sword.
You closely miss the goblin. The goblin closely misses you.
You barely miss the goblin. The goblin hits you with a short sword.
* * * LOW HITPOINT WARNING * * *
The goblin hits you with a short sword.
* * * LOW HITPOINT WARNING * * *
Casting: Magic Dart
Confirm with . or Enter, or press ? or * to list all spells.
Aiming: Magic Dart
Press: ? - help, Shift-Dir - straight line, f/p - goblin
Aim: a goblin, wielding a short sword and wearing a leather armour The magic dart hits the goblin.
The goblin is moderately wounded.
The goblin hits you with a short sword.
You die...

#.#.# ###.#
#.#.# ## #.# #.#
. #.# #.# .# #..
#.# .# ### #.#
..# #.# #.#
#.#######..####.
#.@g............
###############.


You could see a goblin.

Vanquished Creatures
  A dart slug (D:1)
  2 leopard geckos (D:1)
  A ball python (D:1)
  A giant cockroach (D:1)
  7 goblins (D:1)
  4 hobgoblins (D:1)
  3 bats (D:1)
  A frilled lizard (D:1)
  4 kobolds (D:1)
  3 rats (D:1)
27 creatures vanquished.

Notes
Turn   | Place    | Note
-------+----------+-------------------------------------------
     0 | D:1      | Chiseanne the Demonspawn Wizard began the quest for the Orb.
     0 | D:1      | Reached XP level 1. HP: 13/13 MP: 4/4
   431 | D:1      | Gained mutation: Your flesh is cold resistant. (rC+) [demonic ancestry]
   431 | D:1      | Reached XP level 2. HP: 19/19 MP: 3/6
  1252 | D:1      | Gained mutation: You are immune to freezing clouds. [demonic ancestry]
  1252 | D:1      | Reached XP level 3. HP: 24/24 MP: 4/8
  1375 | D:1      | Slain by a goblin

Skill      XL: |  1  2 |
---------------+-------+-----
Conjurations   | 2 |  2.2
Dodging        | |  1.7
Stealth        | |  1.7
Spellcasting   | |  3.5
Summonings     | |  1.0
Translocations | |  0.8

Action                   || total
-------------------------++-------
Melee: Club              ||    26
       Unarmed           ||     1
       Short sword       ||    10
 Cast: Magic Dart        ||    67
  Eat: Chunk             ||     1
Armor: Robe              ||    11
Dodge: Dodged            ||    41
